 Dungeon Crawl Stone Soup version 0.32-a0-876-gcfddb08e57 (webtiles) character file.

Game seed: 897434848799187398

65 smashvw the Trooper (level 4, -1/55 HPs)
             Began as a Human Berserker on Mar 31, 2024.
             Was a Believer of Trog.
             Slain by a gnoll
             ... wielding a +0 halberd
              (11 damage)
             ... on level 3 of the Dungeon.
             The game lasted 00:03:41 (1492 turns).

smashvw the Trooper (Human Berserker)               Turns: 1492, Time: 00:03:42

Health: -1/55      AC: 12    Str: 20    XL:     4   Next: 14%
Magic:  4/4        EV:  5    Int: 13    God:    Trog [**....]
Gold:   75         SH:  5    Dex: 12    Spells: 3/3 levels left

rFire   . . .        i - +0 war axe
rCold   . . .        (no shield)
rNeg    . . .        p - +0 plate armour
rPois   .            k - +0 helmet
rElec   .            (no cloak)
rCorr   .            (no gloves)
SInv    .            (no boots)
Will    .....        q - amulet of reflection Stlth
                     m - +6 ring of intelligence
HPRegen 0.29/turn    (no ring)
MPRegen 0.09/turn

%: reflection
@: berserking, very quick
A: explore regen
a: Renounce Religion, Berserk, Trog's Hand


You were on level 3 of the Dungeon.
You worshipped Trog.
Trog was pleased with you.
You visited 1 branch of the dungeon, and saw 3 of its levels.

You collected 75 gold pieces.

Inventory:

Hand Weapons
 i - a +0 war axe (weapon)
Armour
 b - a +0 animal skin
 e - a +0 tower shield
 k - a +0 helmet (worn)
 p - a +0 plate armour (worn)
Jewellery
 m - a +6 ring of intelligence (left hand)
 n - a ring of see invisible
 q - an amulet of reflection (around neck)
Scrolls
 a - a scroll of amnesia
 f - a scroll of identify
 g - a scroll of fear {unknown}
 h - a scroll of enchant weapon {unknown}
 j - a scroll of enchant armour {unknown}
 l - a scroll of teleportation {unknown}
 o - a scroll of noise {unknown}
Potions
 c - a potion of lignification {unknown}
 d - a potion of curing
 r - a potion of degeneration {unknown}


   Skills:
 + Level 3.8 Fighting
 + Level 3.8 Axes
 + Level 2.1 Armour
 - Level 2.0 Dodging
 + Level 1.3 Shields


You had 3 spell levels left.
You didn't know any spells.
Your spell library was empty.

Dungeon Overview and Level Annotations

Branches:
Dungeon (3/15)

Altars:

Annotations:
D:2 1 runed translucent door, Crazy Yiuf


Innate Abilities, Weirdness & Mutations

You regain HP and MP as you explore.


Message History

* * * LOW HITPOINT WARNING * * *
A hobgoblin comes into view.
You are too injured to fight recklessly!
You are too injured to fight recklessly!
You are too injured to fight recklessly!
The gnoll hits you from afar with a +0 spear.
* * * LOW HITPOINT WARNING * * *
The gnoll hits you from afar with a +0 halberd.
* * * LOW HITPOINT WARNING * * *
As you read the scroll labelled VIRHYHIHOILO, it crumbles to dust.
It is a scroll of identify.
a - a scroll of amnesia The gnoll hits you from afar with a +0 halberd.
* * * LOW HITPOINT WARNING * * *
It was a potion of curing.
You feel better. The gnoll barely misses you.
A dart slug comes into view.
A red film seems to cover your vision as you go berserk!
You feel yourself moving faster!
You feel mighty! The gnoll hits you but does no damage.
You feel a strong urge to attack something.
The gnoll hits you from afar with a +0 halberd.
You block the gnoll's attack.
You slash the gnoll!
You kill the gnoll!
Trog accepts your kill. The gnoll closely misses you.
The dart slug launches a dart at you.
The slug dart hits you but does no damage.
You have reached level 4!
You feel stronger.
You slash the gnoll!
The gnoll is almost dead.
The gnoll barely misses you.
The gnoll hits you from afar with a +0 halberd!
* * * LOW HITPOINT WARNING * * *
You barely miss the gnoll.
The gnoll is almost dead.
You block the gnoll's attack.
The gnoll hits you from afar with a +0 halberd!
You die...

..... #.# ..... #.#
......#$# ....?.#.####.#
.............#
####..#.## .........#
####..#gg#######...
.....#..g@....w...
...#.###.######.... #..
.. +.....### .... #.#.#
. ###.....## ...# #.#.#
+........+ ..# #.#.#
#...###.## ..# #.#.#.
#...###.#### #.# #.#.#.
#[.........###†# #.#.#.
#...........##.####†#.#.


You could see 3 gnolls and a dart slug.

Vanquished Creatures
  A gnoll (D:3)
  A ribbon worm (D:2)
  3 dart slugs
  9 ball pythons
  4 bats
  5 endoplasms
  2 giant cockroaches
  7 goblins
  5 hobgoblins
  A quokka (D:1)
  4 kobolds
  2 rats
44 creatures vanquished.

Notes
Turn   | Place    | Note
-------+----------+-------------------------------------------
     0 | D:1      | smashvw the Human Berserker began the quest for the Orb.
     0 | D:1      | Reached XP level 1. HP: 18/18 MP: 1/1
   241 | D:1      | Reached XP level 2. HP: 21/24 MP: 2/2
   523 | D:1      | Reached XP level 3. HP: 27/29 MP: 3/3
   710 | D:2      | Reached ** piety under Trog
   976 | D:2      | Reached skill level 1 in Shields
  1033 | D:2      | Found a runed translucent door.
  1034 | D:2      | Noticed Crazy Yiuf
  1147 | D:2      | Identified the staff "Yluzatys" {rF+ rN+ Str+3 Necro}
  1151 | D:2      | Found a faded altar of an unknown god.
  1491 | D:3      | Reached XP level 4. HP: 19/37 MP: 4/4
  1492 | D:3      | Slain by a gnoll

Illustrated notes

Levels and vault maps discovered:
D:1:      amcnicky_arrival_double_pillar, layout_rooms
D:2:      layout_rooms, chequers_ecumenical_altar_lobes, uniq_crazy_yiuf_cottage
D:3:      layout_basic, mainiacjoe_overflow_big_doors, chequers_mini_garden,
          nrook_loot_triangle, uniq_terence

Skill      XL: |  1  2  3 |
---------------+----------+-----
Shields        | 1 |  1.3
Fighting       | |  3.8
Axes           | |  3.8
Armour         | |  2.1
Dodging        | |  2.0

Action                     |  1- 3 |  4- 6 || total
---------------------------+-------+-------++-------
  Melee: Hand axe          |    48 |       ||    48
         War axe           |    68 |     2 ||    70
 Invoke: Berserk           |     1 |       ||     1
    Use: Scroll            |     1 |       ||     1
         Potion            |     1 |       ||     1
 Armour: Animal skin       |    92 |       ||    92
         Plate armour      |    22 |     2 ||    24
  Dodge: Dodged            |    68 |     1 ||    69
  Block: Other             |     1 |     1 ||     2

Table legend: (Time is in decaauts)
 A = Elapsed time spent in this place.
 B = Non-inter-level travel time spent in this place.
 C = Inter-level travel time spent in this place.
 D = Time resting spent in this place.
 E = Time spent auto-exploring this place.
 F = Levels seen in this place.
 G = Mean time per level.
                   A        B        C        D        E       F      G
               +--------+--------+--------+--------+--------+-----+--------+
         Total |   1519 |   1471 |     48 |      0 |   1129 |   3 |  506.3 |
       Dungeon |   1519 |   1471 |     48 |      0 |   1129 |   3 |  506.3 |
               +--------+--------+--------+--------+--------+-----+--------+

Top non-repeatable levels by time:
     D:1: 709 daAuts
     D:2: 588 daAuts
     D:3: 222 daAuts
